Unix NetHack Version 5.0.0-0 post-release - last build May 3 2026 23:40:34 (9823c992c0763bbd039eca2974112f46eaf799b3,branch:main). Game began 2026-05-04 06:05:13, ended 2026-05-04 06:18:32. witchwood, neutral female human Priestess ------- ----- |.....| |...| |.....| |m.(| |......#####|@((. |.....| #-...| --|---- |..(| # -.--- ## ## # # #################### # ##--------.----- # -|--- ## ##-............| # |...| # #|............| # #--------- |...| # #|............| ###-....:..| |...| ---.- #|............| #|<^.....| |....#####....| ###|............| #........| |...| |....####### -------------- |........ ----- |...| --------- |...| ----- Witchwood the Acolyte St:13 Dx:11 Co:17 In:8 Wi:18 Ch:10 Neutral Dlvl:2 $:38 HP:0(44) Pw:49(60) AC:1 Xp:5/257 T:5063 Latest messages: What do you want to take off? [bv or ?*] v You were wearing a blessed +0 small shield. What do you want to wear? [vD or ?*] v You are now wearing a small shield. What do you want to take off? [bv or ?*] b You were wearing a +0 robe. What do you want to wear? [bDN or ?*] ? You finish your dressing maneuver. What do you want to wear? [bD or ?*] b You are now wearing a robe. What do you want to wear? [D or ?*] D You finish your dressing maneuver. $ - 7 gold pieces (33 in total). That door is closed. In what direction? k The door opens. You kill the grid bug! $ - 5 gold pieces (38 in total). That door is closed. In what direction? l The door opens. That chest is a large mimic! You miss the large mimic. The large mimic hits! You miss the large mimic. You miss the large mimic. The large mimic hits! You hit the large mimic! You hit the large mimic! You hit the large mimic! The large mimic hits! d - a silver mace named Demonbane (weapon in right hand). You hit the large mimic. The large mimic hits! You hit the large mimic! You kill the large mimic! You see here a large mimic corpse. That chest is a giant mimic! You hit the giant mimic! You miss the giant mimic. The giant mimic hits! The giant mimic hits again! You miss the giant mimic. You hit the giant mimic! You hit the giant mimic. You hit the giant mimic! You hit the giant mimic! The giant mimic hits! You die... Do you want your possessions identified? [ynq] (y) q Inventory: Coins ('$') $ - 38 gold pieces Weapons (')') s - 6 +0 elven arrows L - a +0 dagger z - 2 +0 orcish daggers u - a cursed -1 orcish dagger d - the +1 Demonbane (weapon in right hand) a - a blessed very corroded +1 mace Armor ('[') D - a +0 orcish helm (being worn) v - a blessed +0 small shield (being worn) b - a +0 robe (being worn) N - a +0 chain mail (being worn) Comestibles ('%') e - 2 cloves of garlic f - 2 sprigs of wolfsbane r - 3 lichen corpses Potions ('!') M - a cursed potion of hallucination K - 4 potions of holy water Wands ('/') k - a wand of undead turning (0:5) Witchwood the Priestess's attributes: Background: You were an Acolyte, a level 5 human Priestess. You were neutral, on a mission for Thoth who was opposed by Ptah (lawful) and Anhur (chaotic). You were right-handed. You were in the Dungeons of Doom, on level 2. You entered the dungeon 5063 turns ago. There was a full moon in effect when your adventure ended. You had 257 experience points, 63 more were needed to attain level 6. Basics: You had 0 out of 44 hit points. You had 49 out of 60 energy points (spell power). Your armor class was 1. Your wallet contained 38 zorkmids. Autopickup was on for '$"%?+!=/(*' plus thrown, with exceptions. Final Characteristics: Your strength was 13 (limit:18/100). Your dexterity was 11 (limit:18). Your constitution was 17 (limit:18). Your intelligence was 8 (limit:18). Your wisdom was 18 (limit:18). Your charisma was 10 (limit:18). Final Status: You were held by a giant mimic (north). You weren't hungry. You were unencumbered. You were wielding a mace. You were skilled in mace. Final Attributes: You were piously aligned. You were guarded. Your spell casting was impaired by metallic armor, mitigated by your robe. You were lucky. You are dead. Miscellaneous: You didn't encounter any bones levels. Total elapsed playing time was 13 minutes and 18 seconds. Major events: Turn 1: witchwood the neutral human Priestess entered the dungeon 1005: attained the rank of Acolyte (level 3) 4868: was bestowed with Demonbane by Thoth 5063: killed by a giant mimic Spells: Name Level Category Fail Retention healing 1 healing 49% 51%-75% clairvoyance 3 divination 100% 51%-75% Skills: Fighting Skills bare handed combat [Unskilled] Weapon Skills club [Unskilled] mace [Skilled] morning star [Unskilled] flail [Unskilled] hammer [Unskilled] quarterstaff [Unskilled] polearms [Unskilled] spear [Unskilled] trident [Unskilled] lance [Unskilled] bow [Unskilled] sling [Unskilled] crossbow [Unskilled] dart [Unskilled] shuriken [Unskilled] boomerang [Unskilled] unicorn horn [Unskilled] Spellcasting Skills healing spells [Unskilled] divination spells [Unskilled] clerical spells [Basic] Voluntary challenges: Character rerolling was not enabled. You were illiterate. You never had a pet. You never genocided any monsters. You never polymorphed an object. You never changed form. You used no wishes. Achievement: You attained the rank of Acolyte. The Dungeons of Doom: levels 1 to 2 Level 1: An altar to Thoth, some fountains, a grave. Level 2: <- You were here. Final resting place for you, killed by a giant mimic. Vanquished creatures: a large mimic a shrieker a kobold leader 2 iguanas 2 acid blobs 2 coyotes a hobbit a large kobold 4 giant rats 2 brown molds 2 yellow molds a green mold a gnome zombie 5 geckos 10 jackals a fox 6 goblins 3 sewer rats 10 grid bugs 2 bats 8 lichens 2 kobold zombies 11 newts 79 creatures vanquished. No species were genocided or became extinct. Game over: ---------- / \ / REST \ / IN \ / PEACE \ / \ | witchwood | | 38 Au | | killed by a | | giant mimic | | | | | | 2026 | *| * * * | * _________)/\\_//(\/(/\)/\//\/|_)_______ Goodbye witchwood the Priestess... You died in The Dungeons of Doom on dungeon level 2 with 1113 points, and 38 pieces of gold, after 5063 moves. You were level 5 with a maximum of 44 hit points when you died.